 Dungeon Crawl Stone Soup version 0.22.0-18-ge075c0d (webtiles) character file.

724184 Thaneod the Conqueror (level 27, -1/179 HPs)
             Began as a Gargoyle Hunter on Aug 18, 2018.
             Was a Priest of the Shining One.
             Slain by an iron troll (31 damage)
             ... created by the rage of Trog
             ... on level 2 of the Crypt.
             The game lasted 02:51:20 (62833 turns).

Thaneod the Conqueror (Gargoyle Hunter)            Turns: 62833, Time: 02:51:21

Health: -1/179     AC: 68    Str: 32 (34) XL:     27
Magic:  19/39      EV: 13    Int: 27      God:    the Shining One [***...]
Gold:   2823       SH: 15    Dex: 11      Spells: 4/26 levels left

rFire    + + .     SeeInvis .   H - +7 executioner's axe (freeze)
rCold    + + .     Gourm    .   (shield currently unavailable)
rNeg     + + .     Faith    .   I - +12 gold dragon scales
rPois    ∞         Spirit   .   n - +0 hat of Zexiocw {rPois MP+9 Int+4 Slay+2}
rElec    +         Reflect  +   (no cloak)
rCorr    .         Harm     .   p - +3 pair of gauntlets of War {Slay+5}
MR       +++..                  D - +1 pair of boots of Joy {rPois rC+ MP-9 Str+7}
Stlth    ..........             L - +5 amulet of reflection
HPRegen  0.39/turn              T - ring of Launics {rF+ MR+ Str+3 Int+4}
MPRegen  0.26/turn              Q - ring of the Octopus King {MP+9 AC+1 EV+1 Str+1 Int+1 Dex+1}

@: divine shield, about to teleport, flying, glowing
A: antennae 1, big wings, blurry vision 1, frail 1, mutation resistance 1,
negative energy resistance 1, electricity resistance, unbreathing, petrification
resistance, rot immunity, MP-powered wands, AC +20
}: 5/15 runes: serpentine, barnacled, slimy, silver, abyssal
a: Stop Flying, Divine Shield, Renounce Religion


You were on level 2 of the Crypt.
You worshipped the Shining One.
The Shining One was most pleased with you.
You were full.

You visited 12 branches of the dungeon, and saw 57 of its levels.
You visited the Abyss 1 time.
You also visited: Labyrinth, Ice Cave and Desolation.

You collected 9407 gold pieces.
You spent 6584 gold pieces at shops.

Inventory:

Hand Weapons
 b - a +8 antimagic executioner's axe
 H - a +7 executioner's axe of freezing (weapon)
Missiles
 J - 14 throwing nets (quivered)
Armour
 h - a +2 pair of boots of running
 n - the +0 hat of Zexiocw (worn) {rPois MP+9 Int+4 Slay+2}
   (You found it in a labyrinth)

   It affects your intelligence (+4).
   It affects your accuracy and damage with ranged weapons and melee attacks
   (+2).
   It protects you from poison.
   It affects your magic capacity (+9).
 p - the +3 pair of gauntlets of War (worn) {Slay+5}
   (You bought it in a shop on level 2 of the Orcish Mines)

   It affects your accuracy and damage with ranged weapons and melee attacks
   (+5).
 D - the +1 pair of boots of Joy (worn) {rPois rC+ MP-9 Str+7}
   (You acquired it on level 3 of the Snake Pit)

   It affects your strength (+7).
   It protects you from cold.
   It protects you from poison.
   It affects your magic capacity (-9).
 I - +12 gold dragon scales (worn)
Jewellery
 s - an uncursed amulet of rage
 y - an uncursed ring of protection from fire
 G - an uncursed ring of resist corrosion
 L - a +5 amulet of reflection (around neck)
 Q - a ring of the Octopus King (right hand) {MP+9 AC+1 EV+1 Str+1 Int+1 Dex+1}
   (You found it on level 2 of the Shoals)

   [ring of magical power]

   It affects your AC (+1).
   It affects your evasion (+1).
   It affects your strength (+1).
   It affects your intelligence (+1).
   It affects your dexterity (+1).
   It affects your magic capacity (+9).
 R - the ring of Xiges Hav {Wiz +Blink +Fly rC- rN+++}
   (You found it in the Desolation of Salt)

   [ring of wizardry]

   It improves your spell success rate.
   It makes you vulnerable to cold.
   It renders you almost immune to negative energy.
   It lets you fly.
   It lets you blink.
 T - the ring of Launics (left hand) {rF+ MR+ Str+3 Int+4}
   (You took it off a merfolk on level 4 of the Shoals)

   [ring of protection from magic]

   It affects your strength (+3).
   It affects your intelligence (+4).
   It protects you from fire.
   It affects your resistance to hostile enchantments.
Wands
 d - a wand of scattershot (14)
 r - a wand of iceblast (43)
 B - a wand of disintegration (8)
 M - a wand of digging (73)
 V - a wand of acid (50)
Scrolls
 e - 29 scrolls of remove curse
 g - 8 scrolls of fear
 o - 18 scrolls of teleportation
 q - 21 scrolls of identify
 u - 7 scrolls of magic mapping
 C - 4 scrolls of silence
 E - 4 scrolls of blinking
 K - 7 scrolls of fog
 O - 3 scrolls of summoning
 P - 3 scrolls of holy word
 W - 11 scrolls of immolation
Potions
 c - 6 potions of might
 i - 6 potions of ambrosia
 j - 11 potions of haste
 k - 5 potions of magic
 l - 6 potions of cancellation
 v - 4 potions of agility
 x - 9 potions of brilliance
 A - 7 potions of resistance
 N - 6 potions of berserk rage
 S - 5 potions of heal wounds
 U - 13 potions of mutation
 Z - 26 potions of curing
Miscellaneous
 m - a lamp of fire
 t - a box of beasts
 F - a lightning rod (4/4)
 X - 4 sacks of spiders
Comestibles
 f - 43 rations


   Skills:
 O Level 27 Fighting
 O Level 27 Axes
   Level 4.0 Bows
 + Level 25.7 Armour
 - Level 10.0 Dodging
 - Level 1.1 Stealth
   Level 10.0 Shields
 * Level 9.8 Invocations
 - Level 10.1 Evocations


You had 4 spell levels left.
You knew the following spells:

 Your Spells              Type           Power        Failure   Level  Hunger
a - Blink                 Tloc           N/A          67%         2    ###....
b - Passage of Golubria   Tloc           N/A          99%         4    #####..
c - Deflect Missiles      Chrm/Air       #.........   100%        6    #######
d - Controlled Blink      Tloc           N/A          100%        8    #######
e - Summon Butterflies    Summ           #.......     54%         1    ##.....
f - Apportation           Tloc           #.....       54%         1    ##.....

Your spell library contained the following spells:

 Spells                   Type           Power        Failure   Level  Hunger
 Animate Skeleton         Necr           N/A          54%         1    ##.....
 Confusing Touch          Hex            #.....       54%         1    ##.....
 Corona                   Hex            #......      54%         1    ##.....
 Flame Tongue             Conj/Fire      #....        54%         1    ##.....
 Freeze                   Ice            #...         54%         1    ##.....
 Magic Dart               Conj           #...         54%         1    ##.....
 Pain                     Necr           #...         54%         1    ##.....
 Shock                    Conj/Air       #...         54%         1    ##.....
 Sting                    Conj/Pois      #...         54%         1    ##.....
 Summon Small Mammal      Summ           #...         54%         1    ##.....
 Call Imp                 Summ           #.......     67%         2    ###....
 Corpse Rot               Necr           N/A          67%         2    ###....
 Passwall                 Tmut/Erth      #.......     67%         2    ###....
 Poisonous Vapours        Pois/Air       #.....       67%         2    ###....
 Slow                     Hex            #.......     67%         2    ###....
 Swiftness                Chrm/Air       #.......     67%         2    ###....
 Throw Flame              Conj/Fire      #.....       67%         2    ###....
 Throw Frost              Conj/Ice       #.....       67%         2    ###....
 Call Canine Familiar     Summ           #.......     88%         3    ####...
 Confuse                  Hex            #.......     88%         3    ####...
 Conjure Flame            Conj/Fire      #.......     88%         3    ####...
 Dazzling Spray           Conj/Hex       #.....       88%         3    ####...
 Gell's Gravitas          Tloc           #.........   88%         3    ####...
 Inner Flame              Hex/Fire       #.......     88%         3    ####...
 Mephitic Cloud           Conj/Pois/Air  #.......     88%         3    ####...
 Ozocubu's Armour         Chrm/Ice       #.......     88%         3    ####...
 Portal Projectile        Hex/Tloc       #.....       88%         3    ####...
 Recall                   Summ/Tloc      N/A          88%         3    ####...
 Regeneration             Chrm/Necr      #.........   88%         3    ####...
 Static Discharge         Conj/Air       #.......     88%         3    ####...
 Stone Arrow              Conj/Erth      #.....       88%         3    ####...
 Summon Guardian Golem    Hex/Summ       #.......     88%         3    ####...
 Vampiric Draining        Necr           #.........   88%         3    ####...
 Airstrike                Air            #.........   99%         4    #####..
 Animate Dead             Necr           N/A          99%         4    #####..
 Cause Fear               Hex            #.........   99%         4    #####..
 Force Lance              Conj/Tloc      #.......     99%         4    #####..
 Leda's Liquefaction      Hex/Erth       #.........   99%         4    #####..
 Olgreb's Toxic Radiance  Pois           #.......     99%         4    #####..
 Summon Ice Beast         Ice/Summ       #.......     99%         4    #####..
 Summon Lightning Spire   Summ/Air       #.......     99%         4    #####..
 Throw Icicle             Conj/Ice       #.......     99%         4    #####..
 Aura of Abjuration       Summ           #.........   100%        5    ######.
 Bolt of Magma            Conj/Fire/Erth #.........   100%        5    ######.
 Borgnjor's Vile Clutch   Necr/Erth      #.........   100%        5    ######.
 Excruciating Wounds      Chrm/Necr      #.........   100%        5    ######.
 Irradiate                Conj/Tmut      #.........   100%        5    ######.
 Iskenderun's Battlesphe  Conj/Chrm      #.......     100%        5    ######.
 Lee's Rapid Deconstruct  Erth           #.........   100%        5    ######.
 Lightning Bolt           Conj/Air       #.........   100%        5    ######.
 Silence                  Hex/Air        #.........   100%        5    ######.
 Summon Demon             Summ           #.........   100%        5    ######.
 Summon Forest            Summ/Tloc      #.........   100%        5    ######.
 Summon Mana Viper        Hex/Summ       #.......     100%        5    ######.
 Venom Bolt               Conj/Pois      #.........   100%        5    ######.
 Yara's Violent Unravell  Hex/Tmut       #.........   100%        5    ######.
 Bolt of Fire             Conj/Fire      #.........   100%        6    #######
 Conjure Ball Lightning   Conj/Air       #.........   100%        6    #######
 Darkness                 Hex            #.........   100%        6    #######
 Death Channel            Necr           #.........   100%        6    #######
 Dispersal                Tloc           #.........   100%        6    #######
 Hydra Form               Tmut           #.........   100%        6    #######
 Invisibility             Hex            #.......     100%        6    #######
 Iron Shot                Conj/Erth      #.........   100%        6    #######
 Shadow Creatures         Summ           N/A          100%        6    #######
 Simulacrum               Ice/Necr       #.........   100%        6    #######
 Dragon Form              Tmut           #.........   100%        7    #######
 Malign Gateway           Summ/Tloc      #.........   100%        7    #######
 Orb of Destruction       Conj           #.........   100%        7    #######
 Spellforged Servitor     Conj/Summ      #.........   100%        7    #######
 Summon Hydra             Summ           #.........   100%        7    #######
 Discord                  Hex            #.........   100%        8    #######
 Disjunction              Tloc           #.........   100%        8    #######
 Dragon's Call            Summ           #.........   100%        9    #######
 Shatter                  Erth           #.........   100%        9    #######
 Tornado                  Air            #.........   100%        9    #######
 Sublimation of Blood     Necr           Unusable     N/A         2    N/A
 Statue Form              Tmut/Erth      Unusable     N/A         6    N/A

Dungeon Overview and Level Annotations

Branches:
Dungeon (15/15)            Temple (1/1) D:5            Lair (6/6) D:10
 Shoals (4/4) Lair:2        Snake (4/4) Lair:3        Slime (5/5) Lair:6
    Orc (2/2) D:11            Elf (3/3) Orc:2        Vaults (5/5) D:14
  Crypt (2/3) Vaults:2     Depths (5/5) D:15            Zot (5/5) Depths:5

Altars:
Ashenzari
Cheibriados
Dithmenos
Elyvilon
Fedhas
Gozag
Hepliaklqana
Kikubaaqudgha
Makhleb
Nemelex Xobeh
Okawaru
Qazlal
Ru
Sif Muna
Trog
Uskayaw
Vehumet
Wu Jian
Xom
Yredelemnul
Zin
The Shining One
Beogh

Shops:
D:12 [   D:15 *   Orc:1 !   Orc:2 :[!:[   Elf:3 ?([}   Shoals:1 (   Snake:1 *(
Vaults:2 *(*%   Vaults:4 }   Vaults:5 }=??

Portals:
Hell: Depths:1 Depths:2 Depths:3 Depths:4 Depths:5
Abyss: Depths:1 Depths:4
Pandemonium: Depths:1 Depths:3
Ziggurat: Depths:2


Innate Abilities, Weirdness & Mutations

You are resistant to torment.
Your stone body is resilient. (AC +20)
You are immune to poison.
Your large and strong wings let you fly indefinitely.
You resist negative energy. (rN+)
You are resistant to electric shocks. (rElec)
You can survive without breathing.
You are immune to petrification.
You are immune to rotting.
You have a pair of small antennae on your head.
Scrolls take you a little longer to read.
You are frail. (-10% HP)
You are somewhat resistant to further mutation.
You expend magic power (3 MP) to strengthen your wands.


Message History

* * * LOW HITPOINT WARNING * * *
The deep troll barely misses you. The deep troll claws you.
* * * LOW HITPOINT WARNING * * *
The cyclops misses you.
The stone giant hits you but does no damage.
The cyclops hits you but does no damage.
The iron troll bites you but does no damage.
You block the iron troll's attack.
The iron troll claws you but does no damage.
As you read the scroll of teleportation, it crumbles to dust.
You feel strangely unstable. A divine shield forms around you!
You feel slightly less full. You block the deep troll's attack.
The deep troll barely misses you.
The deep troll claws you but does no damage.
The stone giant hits you but does no damage.
The cyclops hits you.
* * * LOW HITPOINT WARNING * * *
The cyclops hits you but does no damage.
The iron troll bites you!!
You die...

## ##.....# #
##....# #
######....##
#..........##
#...........##
#(...........##
#........#....##
#........###CTC#
#.........###@C##
#.........# ##TT#
########### #..#
#..## #...##
##....# #.....#
#..#### #.##


You could see an iron troll (berserk), a stone giant (berserk), a deep troll
(berserk), 2 cyclopes and a troll (berserk).

Vanquished Creatures
  the Royal Jelly (Slime:5)
  2 orbs of fire (Zot:5)
  2 juggernauts
  8 ancient liches
  The ghost of Riovvati the Slayer, a legendary KoAK of Lugonu (Zot:3)
  Frederick (Crypt:1)
  Margery (Depths:4)
  Saint Roka (Vaults:3)
  4 curse toes
  Bai Suzhen (Crypt:1)
  4 Killer Klowns
  A caustic shrike (Depths:3)
  14 golden dragons
  4 electric golems
  The ghost of Cehaliepy the Slayer, an adept MiFi of Jiyva (Shoals:3)
  Rupert (D:14)
  23 tentacled monstrosities
  25 Orb Guardians (Zot:5)
  4 deep elf blademasters
  4 liches
  6 titans (Vaults:5)
  3 deep elf master archers (Elf:3)
  10 acid blobs
  8 death cobs
  5 sphinxes
  4 quicksilver dragons
  Gastronok (Lair:2)
  The ghost of Fauhergh the Phalangite, an adept MfGl of Trog (Shoals:2)
  3 ancient champions
  An eldritch tentacle (Depths:5)
  11 shadow dragons
  Roxanne (Elf:1)
  13 storm dragons
  7 tengu reavers
  2 draconian monks
  A revenant (Crypt:2)
  10 nagarajas
  10 azure jellies
  6 fire giants
  6 draconian knights
  8 frost giants
  Louise (D:15)
  2 balrugs (Depths:2)
  3 imperial myrmidons (Desolation)
  2 cacodemons (Elf:1)
  7 deep elf sorcerers
  3 draconian scorchers
  13 vault wardens
  An iron dragon (Vaults:5)
  2 ghouls
  20 ironheart preservers
  2 angels
  4 draconian stormcallers
  2 reapers
  A deep elf elementalist (Elf:3)
  An orc warlord (Orc:2)
  A curse skull (Depths:4)
  6 draconian shifters
  3 draconian annihilators
  26 very ugly things
  4 entropy weavers
  4 vampire knights
  28 stone giants
  An ophan (Abyss:3)
  3 war gargoyles (Vaults:5)
  3 lorocyprocas
  2 black draconians
  8 deep elf demonologists
  A minotaur (Lab)
  12 deep elf annihilators
  10 green draconians
  14 yellow draconians
  A halazid warlock (Desolation)
  4 purple draconians
  3 spark wasps (Depths:5)
  The ghost of Americanboy the Blocker, a journeyman MiFi of Cheibriados (Elf:1)
  11 red draconians
  7 white draconians
  16 ettins
  11 deep elf death magi
  3 merfolk javelineers (Shoals:4)
  4 eidola
  A spectral kraken (Shoals:2)
  A spectral quicksilver dragon (Zot:3)
  3 crystal guardians (Desolation)
  12 ragged hierophants (Desolation)
  14 fire dragons
  13 death oozes
  10 jiangshi
  11 great orbs of eyes
  13 ogre magi
  4 rakshasas
  9 servants of whispers (Desolation)
  11 merfolk impalers
  17 yaktaur captains
  7 naga warriors
  3 deep elf high priests
  Harold (D:7)
  30 vault guards
  Erolcha (Orc:2)
  7 peacekeepers (Desolation)
  A catoblepas (Lair:5)
  2 spectral draconians (Zot:3)
  2 spriggan air magi
  Erica (D:8)
  29 two-headed ogres
  3 death knights
  12 ice dragons
  3 merfolk avatars
  6 hydras
  5 anacondas
  9 centaur warriors
  An anaconda (shapeshifter) (Vaults:5)
  3 merfolk aquamancers (Shoals:4)
  5 deep troll shamans
  A queen ant (shapeshifter) (Vaults:5)
  4 satyrs
  26 dancing weapons
  2 alligator snapping turtles
  A hell hog (Abyss:3)
  6 vampire magi
  11 naga sharpshooters
  The ghost of sking99 the Fighter, a novice OpTm of Ru (D:9)
  7 shock serpents
  8 deep troll earth magi
  4 tengu warriors
  Nergalle (Orc:2)
  29 deep elf knights
  6 spriggan berserkers
  2 orc high priests
  An iron troll (shapeshifter) (Vaults:5)
  A sun demon (Depths:1)
  8 skeletal warriors
  15 hell knights
  9 soul eaters
  13 large abominations
  4 iron trolls
  A spectral green draconian (Zot:3)
  A spatial maelstrom (Abyss:3)
  2 wretched stars (Abyss:3)
  14 sea snakes
  5 small abominations
  A spectral black draconian (Zot:3)
  7 salamander mystics
  2 shadow wraiths
  2 cherubim (Abyss:3)
  A sixfirhy (Depths:1)
  25 deep trolls
  2 kraken simulacra
  A death drake (shapeshifter) (Vaults:4)
  An infernal demonspawn (Depths:1)
  7 unseen horrors
  5 wizards
  An anaconda skeleton (Crypt:1)
  A lindwurm (Lair:6)
  6 naga ritualists
  Pikel (D:6)
  A flayed ghost (Crypt:2)
  17 deep elf archers
  A lindwurm (shapeshifter) (Vaults:5)
  17 ironbrand convokers
  7 necromancers
  An orb spider (shapeshifter) (Elf:1)
  12 phantasmal warriors
  4 glowing orange brains
  69 deep elf magi
  9 orc knights
  16 harpies
  A human zombie (Vaults:1)
  17 ugly things
  5 wolf spiders
  9 fauns
  15 orc sorcerers
  3 shining eyes
  A manticore (shapeshifter) (Vaults:2)
  A moth of wrath (shapeshifter) (Depths:2)
  2 fauns (shapeshifter)
  29 cyclopes
  25 salamanders
  7 mana vipers
  24 moths of wrath
  11 manticores
  A frost giant skeleton (Crypt:2)
  2 ice statues (IceCv)
  8 vault sentinels
  A black mamba (shapeshifter) (Depths:1)
  4 water nymphs
  11 merfolk sirens
  A rust devil (Depths:2)
  25 naga magi
  4 smoke demons
  34 black mambas
  7 guardian serpents
  4 molten gargoyles
  2 storm dragon simulacra (Zot:3)
  11 spiny frogs
  2 eyes of devastation
  A yaktaur zombie (Vaults:1)
  A dire elephant zombie (Abyss:3)
  An orange demon (Depths:2)
  2 rime drakes (Lair:4)
  35 yaktaurs
  7 freezing wraiths
  An efreet (Abyss:3)
  6 kobold demonologists
  7 tengu conjurers
  7 hellwings
  An ice devil (Depths:2)
  11 komodo dragons
  A golden dragon simulacrum (Zot:3)
  4 red devils
  A catoblepas skeleton (Crypt:2)
  An ancient zyme (Abyss:3)
  A silent spectre (Depths:4)
  A meliai (shapeshifter) (Depths:1)
  9 trolls
  4 polar bears
  3 meliai (D:15)
  A merfolk (shapeshifter) (Depths:3)
  A shadow dragon simulacrum (Vaults:5)
  4 spectral moths of wrath (Zot:3)
  A queen bee (Lair:3)
  A troll (shapeshifter) (Vaults:2)
  4 wind drakes
  A wind drake (shapeshifter) (Vaults:2)
  6 hornets
  36 merfolk
  42 slime creatures
  7 snapping turtles
  15 hippogriffs
  61 saltlings (Desolation)
  23 blink frogs
  A hippogriff (shapeshifter) (Vaults:5)
  21 dream sheep
  A human simulacrum (Vaults:5)
  A fire giant simulacrum (Vaults:1)
  4 air elementals
  Sigmund (D:2)
  2 vampires
  9 wraiths
  5 redbacks (Vaults:5)
  3 spriggans
  2 spriggans (shapeshifter)
  19 water elementals
  A fire bat (shapeshifter) (Vaults:4)
  A shadow (Crypt:2)
  A tarantella (Vaults:5)
  A yak (shapeshifter) (Vaults:5)
  19 wyverns
  3 ynoxinuls
  5 fire elementals
  47 yaks
  A hog (shapeshifter) (Vaults:4)
  4 hungry ghosts
  3 vampire mosquitoes (D:14)
  9 golden eyes
  12 basilisks
  2 neqoxecs (D:9)
  A basilisk (shapeshifter) (D:14)
  3 steam dragons
  5 chaos spawn
  A deep troll zombie (Vaults:5)
  43 nagas
  4 wargs
  A monstrous demonspawn zombie (Crypt:1)
  Duvessa (D:6)
  A faun zombie (Crypt:2)
  2 acid dragons
  A soldier ant (D:13)
  9 water moccasins
  2 porcupines
  6 hell hounds
  A moth of wrath simulacrum (Zot:3)
  A floating eye (shapeshifter) (D:14)
  24 orc warriors
  2 floating eyes
  18 ice beasts
  3 slaves
  An eye of draining (shapeshifter) (Depths:1)
  A sky beast (shapeshifter) (Elf:1)
  5 sky beasts
  2 black bears
  7 boggarts
  A black bear (shapeshifter) (Depths:4)
  A hornet zombie (Vaults:1)
  31 ogres
  6 eyes of draining
  A phantom (D:9)
  5 wolves (Lair:1)
  19 centaurs
  9 crocodiles
  3 elf zombies (Elf:3)
  A hippogriff zombie (Crypt:2)
  A big kobold (D:12)
  18 bullfrogs
  A wyvern zombie (D:10)
  An earth elemental (Elf:3)
  A salamander skeleton (Crypt:2)
  3 wyvern skeletons
  A spriggan zombie (Crypt:2)
  Dowan (D:6)
  4 scorpions
  41 killer bees
  A killer bee (shapeshifter) (Elf:1)
  6 howler monkeys
  A vampire bat (D:9)
  4 electric eels
  5 lava snakes (Lair:6)
  A bullfrog zombie (D:11)
  4 centaur zombies
  16 crimson imps
  7 quasits
  17 orc priests
  12 hounds
  4 jellies
  3 bullfrog skeletons
  A basilisk skeleton (Crypt:2)
  2 iron imps (Depths:1)
  3 centaur skeletons
  A black bear skeleton (Crypt:1)
  7 iguanas
  An iguana (shapeshifter) (Elf:1)
  A human skeleton (Crypt:1)
  20 worker ants
  34 orc wizards
  A tengu zombie (Crypt:1)
  A crocodile skeleton (Crypt:2)
  A naga skeleton (Crypt:1)
  2 hound skeletons
  4 worker ant zombies
  A howler monkey zombie (Crypt:2)
  8 gnolls
  A scorpion zombie (Crypt:2)
  12 adders
  8 shadow imps
  4 white imps
  An ooze (shapeshifter) (Elf:1)
  6 oozes
  An adder zombie (D:8)
  2 adder skeletons
  A worm (D:2)
  4 dart slugs
  2 dart slugs (shapeshifter) (Elf:1)
  6 leopard geckos
  90 orcs
  4 bat skeletons (D:9)
  2 bat zombies (D:9)
  5 giant cockroaches
  10 goblins
  A hobgoblin (shapeshifter) (Elf:1)
  6 hobgoblins
  13 kobolds
  5 quokkas
  3 ball pythons
  A ball python skeleton (Crypt:1)
  4 bats
  7 frilled lizards
  A gnoll zombie (Crypt:2)
  A leopard gecko zombie (D:5)
  An orc skeleton (Crypt:1)
  A quokka skeleton (D:6)
  25 rats
  3 crawling corpses (Vaults:5)
  4 fungi
  7 plants
  2 tentacles
2581 creatures vanquished.

Vanquished Creatures (collateral kills)
  Mennas (Vaults:3)
  An ophan (Abyss:3)
  A rakshasa (Vaults:3)
  A spiny frog (Lair:4)
  A freezing wraith (D:15)
  A ynoxinul (Abyss:3)
  3 golden eyes
  An eye of draining (Slime:4)
  A centaur (D:15)
11 creatures vanquished.

Vanquished Creatures (others)
  An ancient lich (Zot:5)
  Asterion (Elf:3)
  A deep elf master archer (Elf:3)
  A deep elf blademaster (Elf:3)
  A sphinx (Vaults:5)
  An ettin (Vaults:4)
  6 naga sharpshooters
  A deep elf archer (Elf:3)
  A naga ritualist (Snake:4)
  2 necromancers
  A mana viper (Snake:4)
  A moth of wrath (Zot:5)
  A tengu conjurer (Depths:3)
  A large abomination (Elf:3)
  A golden eye (Slime:5)
  A human (Depths:4)
  2 nagas
  An orc warrior (Vaults:1)
  An ogre (Vaults:4)
  A boggart (Depths:2)
  A centaur (Vaults:2)
  A crimson imp (Depths:5)
  3 fungi
  A lurking horror (Abyss:3)
  4 plants (Shoals:1)
  3 starspawn tentacles (Abyss:3)
  10 tentacles
50 creatures vanquished.

Grand Total: 2642 creatures vanquished

Notes
Turn   | Place    | Note
-------+----------+-------------------------------------------
     0 | D:1      | Thaneod the Gargoyle Hunter began the quest for the Orb.
     0 | D:1      | Reached XP level 1. HP: 12/12 MP: 1/1
    82 | D:1      | Reached XP level 2. HP: 15/18 MP: 2/2
   290 | D:1      | Reached XP level 3. HP: 23/23 MP: 3/3
   998 | D:2      | Reached XP level 4. HP: 29/29 MP: 4/4
  1067 | D:2      | Noticed Sigmund
  1102 | D:2      | Killed Sigmund
  1102 | D:2      | Reached XP level 5. HP: 12/36 MP: 5/5
  1417 | D:2      | Reached XP level 6. HP: 40/42 MP: 6/6
  2254 | D:3      | Found a stormy altar of Qazlal.
  2262 | D:3      | Noticed a water elemental
  2264 | D:3      | Noticed an air elemental
  2514 | D:3      | Noticed a fire elemental
  2573 | D:4      | Noticed a hungry ghost
  2720 | D:4      | Found a deep blue altar of Sif Muna.
  2747 | D:4      | Reached skill level 1 in Axes
  2807 | D:4      | Reached XP level 7. HP: 48/48 MP: 7/7
  3142 | D:4      | Killed a hungry ghost
  3388 | D:4      | Found a snail-covered altar of Cheibriados.
  3581 | D:5      | Entered Level 5 of the Dungeon
  3623 | D:5      | Found a shimmering altar of Xom.
  3647 | D:5      | Found a staircase to the Ecumenical Temple.
  3664 | Temple   | Entered the Ecumenical Temple
  3951 | Temple   | Reached skill level 1 in Armour
  4048 | Temple   | Reached XP level 8. HP: 45/54 MP: 8/8
  4688 | D:6      | Found a hazy altar of Hepliaklqana.
  4804 | D:6      | Noticed Pikel
  5003 | D:6      | Reached skill level 5 in Axes
  5335 | D:6      | Killed Pikel
  5335 | D:6      | Reached XP level 9. HP: 54/60 MP: 9/9
  5397 | D:6      | Found a bloodstained altar of Trog.
  5407 | D:6      | Found a shadowy altar of Dithmenos.
  5421 | D:6      | Became a worshipper of Trog the Wrathful
  5464 | D:7      | Noticed Duvessa
  5464 | D:7      | Noticed Dowan
  5469 | D:6      | Killed Dowan
  5482 | D:6      | Killed Duvessa
  5641 | D:7      | Reached skill level 1 in Evocations
  5700 | D:7      | Noticed Harold
  5716 | D:7      | Killed Harold
  5716 | D:7      | Reached skill level 5 in Armour
  6308 | D:7      | Reached XP level 10. HP: 14/66 MP: 12/12
  6597 | D:7      | Reached * piety under Trog
  6933 | D:8      | You fall through a shaft!
  6933 | D:9      | Found a transporter.
  6956 | D:9      | Noticed sking99's ghost (novice OpTm)
  7240 | D:8      | Reached skill level 1 in Shields
  7467 | D:8      | Noticed a two-headed ogre
  7481 | D:8      | Killed a two-headed ogre
  7481 | D:8      | Reached skill level 10 in Fighting
  7529 | D:8      | Noticed Erica
  7892 | D:8      | Killed Erica
  7983 | D:9      | Found an opulent altar of Gozag.
  8059 | D:9      | Found a transporter.
  8510 | D:9      | Reached ** piety under Trog
  8615 | D:9      | Found an ornate altar of the Wu Jian Council.
  8615 | D:9      | Found a basalt altar of Yredelemnul.
  8620 | D:9      | Found a stormy altar of Qazlal.
  8728 | D:9      | Reached XP level 11. HP: 73/73 MP: 14/14
  8824 | D:9      | Found an ancient bone altar of Kikubaaqudgha.
  9206 | D:9      | Killed sking99's ghost
  9206 | D:9      | Reached skill level 10 in Axes
  9249 | D:10     | Entered Level 10 of the Dungeon
  9255 | D:10     | Found a blossoming altar of Fedhas.
  9381 | D:10     | Reached *** piety under Trog
  9403 | D:10     | Received a gift from Trog
  9472 | D:10     | Reached skill level 5 in Shields
  9592 | D:10     | Found a staircase to the Lair.
  9921 | D:11     | Found a shadowy altar of Dithmenos.
  9941 | D:11     | Noticed a two-headed ogre
  9947 | D:11     | Killed a two-headed ogre
  9978 | D:11     | Noticed a purple ugly thing
 10001 | D:11     | Killed a purple ugly thing
 10335 | D:11     | Noticed a red ugly thing
 10343 | D:11     | Killed a red ugly thing
 10700 | D:11     | Reached XP level 12. HP: 79/80 MP: 15/15
 10848 | D:11     | Reached skill level 5 in Evocations
 10862 | D:11     | Reached **** piety under Trog
 10906 | D:11     | Found a staircase to the Orcish Mines.
 11281 | D:12     | Noticed a centaur warrior
 11295 | D:12     | Killed a centaur warrior
 11400 | D:12     | Noticed a five-headed hydra
 11407 | D:12     | Killed a one-headed hydra
 12119 | D:12     | Noticed a five-headed hydra
 12120 | D:12     | Noticed a two-headed ogre
 12126 | D:12     | Killed a two-headed ogre
 12133 | D:12     | Killed a one-headed hydra
 12133 | D:12     | Reached XP level 13. HP: 86/86 MP: 16/18
 12159 | D:12     | Reached ***** piety under Trog
 12199 | D:12     | Found Sogeipei's Antique Armour Shoppe.
 12494 | D:13     | Received a gift from Trog
 13167 | D:14     | Noticed Rupert
 13177 | D:14     | Killed Rupert
 13476 | D:14     | Noticed a fire dragon
 13488 | D:14     | Killed a fire dragon
 13543 | D:14     | Found a gate to the Vaults.
 14273 | D:15     | Entered Level 15 of the Dungeon
 14287 | D:15     | Gained mutation: Your large and strong wings let you fly indefinitely. [Gargoyle growth]
 14287 | D:15     | Reached XP level 14. HP: 92/92 MP: 6/20
 14368 | D:15     | Identified a scroll of acquirement
 14371 | D:15     | Got an ichor-stained buckler
 14423 | D:15     | Reached skill level 15 in Axes
 14549 | D:15     | Found a labyrinth entrance.
 14584 | Lab      | Entered a labyrinth
 15189 | Lab      | Identified the +0 buckler of Paonaloe {rN++} (You acquired it on level 15 of the Dungeon)
 15200 | Lab      | Got a distressingly furry hat
 15211 | Lab      | Identified the +0 hat of Zexiocw {rPois MP+9 Int+4 Slay+2} (You found it in a labyrinth)
 15211 | Lab      | Got a crystal shortbow
 15355 | D:15     | Noticed Louise
 15377 | D:15     | Killed Louise
 15426 | D:15     | Found Poipnunk's General Store.
 15435 | D:15     | Bought a scroll of identify for 22 gold pieces
 15435 | D:15     | Bought a scroll of fear for 38 gold pieces
 15435 | D:15     | Bought a potion of resistance for 110 gold pieces
 15435 | D:15     | Bought a scroll of enchant weapon for 82 gold pieces
 15436 | D:15     | Identified the +7 shortbow "Sups" {venom, Str+4} (You found it in a labyrinth)
 15482 | D:15     | Found a staircase to the Depths.
 16002 | Orc:1    | Entered Level 1 of the Orcish Mines
 16002 | Orc:1    | Found Tyru's Distillery.
 16102 | Orc:1    | Bought a potion of curing for 42 gold pieces
 16102 | Orc:1    | Bought a potion of resistance for 140 gold pieces
 16102 | Orc:1    | Bought a potion of resistance for 140 gold pieces
 16102 | Orc:1    | Bought a potion of curing for 42 gold pieces
 16283 | Orc:1    | Found a burning altar of Makhleb.
 16366 | Orc:2    | Entered Level 2 of the Orcish Mines
 16370 | Orc:2    | Found Paukiar's Antique Armour Shoppe.
 16377 | Orc:2    | Bought a pair of runed boots for 195 gold pieces
 16384 | Orc:2    | Identified a +2 pair of boots of running (You bought it in a shop on level 2 of the Orcish Mines)
 16528 | Orc:2    | Got a translucent chain mail
 16543 | Orc:2    | Identified the +6 chain mail of the Teacher {-Tele rN++ Dex+2} (You took it off an orc on level 2 of the Orcish Mines)
 16617 | Orc:2    | Noticed an orc warlord
 16628 | Orc:2    | Killed an orc warlord
 16768 | Orc:2    | Received a gift from Trog
 16843 | Orc:2    | Found a staircase to the Elven Halls.
 16944 | Orc:2    | Found Hirphyqeu's Book Emporium.
 16968 | Orc:2    | Found Vaugedes's Antique Armour Shoppe.
 17085 | Orc:2    | Bought a pair of scorched gloves for 285 gold pieces
 17095 | Orc:2    | Identified the +1 pair of gloves of Untold Secrets {MR+} (You bought it in a shop on level 2 of the Orcish Mines)
 17138 | Orc:2    | Found a radiant altar of Vehumet.
 17139 | Orc:2    | Noticed Erolcha
 17145 | Orc:2    | Received a gift from Trog
 17147 | Orc:2    | Killed Erolcha
 17147 | Orc:2    | Reached XP level 15. HP: 96/96 MP: 10/21
 17171 | Orc:2    | Found Hionemuck's Distillery.
 17184 | Orc:2    | Noticed Nergalle
 17212 | Orc:2    | Killed Nergalle
 17214 | Orc:2    | Found an ancient bone altar of Kikubaaqudgha.
 17224 | Orc:2    | Bought a potion of curing for 51 gold pieces
 17224 | Orc:2    | Bought a potion of curing for 51 gold pieces
 17224 | Orc:2    | Bought a potion of curing for 51 gold pieces
 17224 | Orc:2    | Bought a potion of curing for 51 gold pieces
 17224 | Orc:2    | Bought 2 potions of might for 136 gold pieces
 17224 | Orc:2    | Bought a potion of cancellation for 136 gold pieces
 17224 | Orc:2    | Bought a potion of heal wounds for 85 gold pieces
 17224 | Orc:2    | Bought a potion of ambrosia for 136 gold pieces
 17224 | Orc:2    | Bought a potion of haste for 170 gold pieces
 17224 | Orc:2    | Bought a potion of mutation for 136 gold pieces
 17259 | Orc:2    | Found a roughly hewn altar of Beogh.
 17260 | Orc:2    | Found Ruleb's Book Shoppe.
 17279 | Orc:2    | Paralysed by an orc sorcerer for 4 turns
 17639 | Lair:1   | Entered Level 1 of the Lair of Beasts
 18681 | Lair:2   | Found a staircase to the Shoals.
 18704 | Lair:2   | Received a gift from Trog
 18937 | Lair:2   | Noticed Gastronok
 18949 | Lair:2   | Killed Gastronok
 19829 | Lair:3   | Found a staircase to the Snake Pit.
 20378 | Lair:4   | Received a gift from Trog
 20404 | Lair:4   | Found a frozen archway.
 20438 | IceCv    | Entered an ice cave
 20439 | IceCv    | Found a transporter.
 20513 | IceCv    | Found a transporter.
 20571 | Lair:4   | Got a faintly humming cloak
 20582 | Lair:4   | Identified the -3 cloak of Keoch {rN+ Dex+2} (You acquired it on level 4 of the Lair of Beasts)
 20645 | Lair:4   | Received a gift from Trog
 20887 | Lair:4   | Received a gift from Trog
 21245 | Lair:4   | You are sucked into a shaft!
 21320 | Lair:5   | Reached XP level 16. HP: 95/103 MP: 22/22
 21870 | Lair:6   | Entered Level 6 of the Lair of Beasts
 22124 | Lair:6   | Found a staircase to the Slime Pits.
 22197 | Lair:6   | Reached skill level 5 in Dodging
 22302 | Lair:6   | Got a steaming chain mail
 22313 | Lair:6   | Identified the +3 chain mail "Ufopreu" {rC++ rCorr Dex+2} (You found it on level 6 of the Lair of Beasts)
 22575 | Lair:6   | Found a large runed door.
 22575 | Lair:6   | Found a large runed door.
 23358 | Snake:1  | Entered Level 1 of the Snake Pit
 23575 | Snake:1  | Received a gift from Trog
 24400 | Snake:1  | Found Cedwaff's Antique Weapon Shop.
 24400 | Snake:1  | Found Xoug's General Store.
 25984 | Snake:3  | Reached XP level 17. HP: 111/111 MP: 11/24
 25985 | Snake:3  | Received a gift from Trog
 26154 | Snake:3  | Reached skill level 10 in Armour
 26587 | Snake:3  | Got a pair of faintly humming boots
 26598 | Snake:3  | Identified the +1 pair of boots of Joy {rPois rC+ MP-9 Str+7} (You acquired it on level 3 of the Snake Pit)
 26814 | Snake:3  | Received a gift from Trog
 27018 | Snake:4  | Entered Level 4 of the Snake Pit
 28248 | Snake:4  | Reached skill level 10 in Evocations
 28413 | Snake:3  | Received a gift from Trog
 28416 | Snake:3  | Identified the +7 battleaxe of the Skies Above {chop, rElec Int+4} (Trog gifted it to you on level 3 of the Snake Pit)
 28603 | Snake:4  | Reached skill level 15 in Fighting
 28640 | Snake:4  | Reached XP level 18. HP: 63/119 MP: 8/25
 28794 | Snake:4  | Got a serpentine rune of Zot
 29295 | Elf:1    | Entered Level 1 of the Elven Halls
 29475 | Elf:1    | Noticed Roxanne
 29511 | Elf:1    | Reached skill level 10 in Shields
 29548 | Elf:1    | Identified the Grimoire of Attacks
 29745 | Elf:1    | Received a gift from Trog
 30012 | Elf:1    | Found a runed gate.
 30015 | Elf:1    | Found a runed gate.
 30015 | Elf:1    | Found a runed gate.
 30020 | Elf:1    | Noticed a tentacled monstrosity
 30536 | Elf:1    | Noticed a tentacled monstrosity
 30537 | Elf:1    | Killed a tentacled monstrosity
 30539 | Elf:1    | Found a runed gate.
 30539 | Elf:1    | Found a runed gate.
 30548 | Elf:1    | Killed a tentacled monstrosity
 30564 | Elf:1    | Found a runed gate.
 30578 | Elf:1    | Noticed Americanboy's ghost (journeyman MiFi)
 30658 | Elf:1    | Killed Roxanne
 30881 | Elf:2    | Found a runed gate.
 30881 | Elf:2    | Found a runed gate.
 30881 | Elf:2    | Found a runed gate.
 31027 | Elf:2    | Reached ****** piety under Trog
 31189 | Elf:2    | Received a gift from Trog
 31202 | Elf:2    | Noticed a deep elf blademaster
 31229 | Elf:2    | Killed a deep elf blademaster
 31521 | Elf:2    | Reached XP level 19. HP: 111/127 MP: 8/26
 31676 | Elf:3    | Entered Level 3 of the Elven Halls
 31676 | Elf:3    | Found Xim Wuov's Antique Armour Boutique.
 31676 | Elf:3    | Found Vibovo's Weapon Emporium.
 31682 | Elf:3    | Bought a runed cloak for 255 gold pieces
 31712 | Elf:3    | Noticed Asterion
 31723 | Elf:3    | Killed Asterion
 31756 | Elf:3    | Identified the Papyrus of Evil
 31773 | Elf:3    | Found Fogismef's Gadget Shoppe.
 31804 | Elf:3    | Bought a sack of spiders for 360 gold pieces
 31869 | Elf:3    | Received a gift from Trog
 32313 | Elf:3    | Found Kouxzoaq's Magic Scroll Boutique.
 32319 | Elf:3    | Bought a scroll of identify for 38 gold pieces
 32319 | Elf:3    | Bought a scroll of identify for 38 gold pieces
 32319 | Elf:3    | Bought a scroll of identify for 38 gold pieces
 32319 | Elf:3    | Bought a scroll of identify for 38 gold pieces
 32319 | Elf:3    | Bought a scroll of teleportation for 57 gold pieces
 32319 | Elf:3    | Bought a scroll of teleportation for 57 gold pieces
 32319 | Elf:3    | Bought a scroll of identify for 38 gold pieces
 32319 | Elf:3    | Bought a scroll of blinking for 142 gold pieces
 32331 | Elf:3    | Bought a scroll of brand weapon for 380 gold pieces
 32839 | Elf:3    | Found the +7 Singing Sword
 32860 | Elf:3    | Identified the Compendium of Bewitchment
 32888 | Elf:3    | Identified the +5 hand axe of Callousness {antimagic, rPois rC+ Str+4} (You found it on level 3 of the Elven Halls)
 32893 | Elf:3    | Identified the ring "Menk" {Ice rElec rN++ MR+ Stlth+} (You found it on level 3 of the Elven Halls)
 33050 | Elf:3    | Identified Run Nig's Reference Book on Assistive Clay
 33078 | Elf:3    | Got a spiked plate armour
 33089 | Elf:3    | Identified the +4 plate armour "Wadas" {Dex+2} (You found it on level 3 of the Elven Halls)
 33449 | Vaults:1 | Entered Level 1 of the Vaults
 33533 | Vaults:1 | Received a gift from Trog
 33764 | Vaults:1 | Reached XP level 20. HP: 136/136 MP: 27/27
 33980 | Vaults:1 | Found a ruined gateway.
 33989 | Desolati | Entered the Desolation of Salt
 34177 | Desolati | Reached skill level 10 in Dodging
 34210 | Desolati | Received a gift from Trog
 34216 | Desolati | Identified Etzuph's Almanac of Stolen Souls and Attacks
 34245 | Desolati | Got a smoking ivory ring
 34246 | Desolati | Identified the Handbook of Toxins and Fire
 34283 | Desolati | Identified the ring "Omeokon" {rPois Int+2} (You found it in the Desolation of Salt)
 34522 | Desolati | Received a gift from Trog
 34900 | Desolati | Got a wavering turquoise ring
 34902 | Desolati | Identified the ring of Xiges Hav {Wiz +Blink +Fly rC- rN+++} (You found it in the Desolation of Salt)
 35023 | Vaults:1 | Received a gift from Trog
 35581 | Vaults:2 | Noticed a Tzitzimitl
 35624 | Vaults:2 | Reached XP level 21. HP: 121/145 MP: 28/28
 35999 | Vaults:2 | Found a radiant altar of Vehumet.
 36048 | Vaults:2 | Received a gift from Trog
 36399 | Vaults:2 | Found Obis's Food Shoppe.
 36410 | Vaults:2 | Found a staircase to the Crypt.
 36709 | Vaults:2 | Reached skill level 15 in Armour
 36715 | Vaults:2 | Received a gift from Trog
 36875 | Vaults:2 | Found Gozag's Assorted Antiques.
 36880 | Vaults:2 | Found an opulent altar of Gozag.
 36880 | Vaults:2 | Found Gozag's Antique Weapon Shoppe.
 36885 | Vaults:2 | Found Gozag's Assorted Antiques.
 36909 | Vaults:2 | Received a gift from Trog
 37317 | Vaults:3 | Received a gift from Trog
 37663 | Vaults:3 | Noticed Saint Roka
 37691 | Vaults:3 | Killed Saint Roka
 37999 | Vaults:3 | Noticed Mennas
 38034 | Vaults:3 | Killed Mennas
 38034 | Vaults:3 | Reached XP level 22. HP: 92/155 MP: 29/29
 38068 | Vaults:3 | Received a gift from Trog
 38513 | Vaults:4 | Found Akicioh's Gadget Shoppe.
 38695 | Vaults:4 | Received a gift from Trog
 38849 | Vaults:4 | Cast into level 3 of the Abyss (a deep elf demonologist)
 38895 | Abyss:3  | Gained mutation: Scrolls take you a little longer to read. [a shining eye]
 38896 | Abyss:3  | Gained mutation: Your body sometimes deteriorates upon taking damage. [a shining eye]
 38898 | Abyss:3  | Gained mutation: You are frail. (-10% HP) [a shining eye]
 38906 | Abyss:3  | Gained mutation: Your body often deteriorates upon taking damage. [a shining eye]
 38918 | Abyss:3  | Paralysed by a floating eye for 4 turns
 38925 | Abyss:3  | Paralysed by a floating eye for 4 turns
 38931 | Abyss:3  | Paralysed by a floating eye for 2 turns
 39090 | Abyss:3  | Found a corrupted altar of Lugonu.
 39203 | Abyss:3  | Found a corrupted altar of Lugonu.
 39395 | Abyss:3  | Found a glowing golden altar of the Shining One.
 39439 | Abyss:3  | Noticed a juggernaut
 39449 | Abyss:3  | Killed a juggernaut
 39453 | Abyss:3  | Got an abyssal rune of Zot
 39459 | Abyss:3  | Found a glowing golden altar of the Shining One.
 39492 | Vaults:4 | Escaped the Abyss
 39529 | Vaults:4 | Received a gift from Trog
 39532 | Vaults:4 | Lost mutation: Scrolls take you a little longer to read. [potion of mutation]
 39532 | Vaults:4 | Lost mutation: Your body often deteriorates upon taking damage. [potion of mutation]
 39532 | Vaults:4 | Lost mutation: Your body sometimes deteriorates upon taking damage. [potion of mutation]
 39532 | Vaults:4 | Gained mutation: You expend magic power (3 MP) to strengthen your wands. [potion of mutation]
 39532 | Vaults:4 | Gained mutation: You have a pair of small antennae on your head. [potion of mutation]
 39532 | Vaults:4 | Gained mutation: You are somewhat resistant to further mutation. [potion of mutation]
 40502 | Depths:1 | Entered Level 1 of the Depths
 40613 | Depths:1 | Found a gateway to Hell.
 40834 | Depths:1 | Found a one-way gate leading to the halls of Pandemonium.
 40931 | Depths:1 | Found a one-way gate to the infinite horrors of the Abyss.
 41361 | Depths:2 | Received a gift from Trog
 41375 | Depths:2 | Reached XP level 23. HP: 115/148 MP: 24/30
 42025 | Depths:2 | Found a gateway to a ziggurat.
 42280 | Depths:3 | Paralysed by a floating eye for 2 turns
 42745 | Depths:3 | Noticed a caustic shrike
 42775 | Depths:3 | Killed a caustic shrike
 43713 | Depths:4 | Received a gift from Trog
 43974 | Depths:4 | Found a runed door.
 44212 | Depths:4 | Noticed an ancient lich
 44226 | Depths:4 | Noticed Margery
 44235 | Depths:4 | Killed an ancient lich
 44243 | Depths:4 | Killed Margery
 44243 | Depths:4 | Reached XP level 24. HP: 157/157 MP: 30/30
 44496 | Depths:4 | Received a gift from Trog
 44741 | Depths:4 | Paralysed by a vampire knight for 5 turns
 44958 | Depths:5 | Entered Level 5 of the Depths
 44974 | Depths:5 | Received a gift from Trog
 45510 | Depths:5 | Noticed a juggernaut
 45525 | Depths:5 | Killed a juggernaut
 45540 | Depths:5 | Received a gift from Trog
 46078 | Depths:5 | Found a gate to the Realm of Zot.
 46433 | Shoals:1 | Entered Level 1 of the Shoals
 46528 | Shoals:1 | Found Fafesch's Weapon Shoppe.
 47204 | Shoals:2 | Found a runed gate.
 47238 | Shoals:2 | Found a runed gate.
 47238 | Shoals:2 | Noticed Fauhergh's ghost (adept MfGl)
 47239 | Shoals:2 | Found the ring of the Octopus King
 47239 | Shoals:2 | Found a runed gate.
 47273 | Shoals:2 | Killed Fauhergh's ghost
 47281 | Shoals:2 | Got a ring of the Octopus King
 47282 | Shoals:2 | Identified a ring of the Octopus King {MP+9 AC+1 EV+1 Str+1 Int+1 Dex+1} (You found it on level 2 of the Shoals)
 47346 | Shoals:2 | Received a gift from Trog
 48179 | Shoals:3 | Reached XP level 25. HP: 166/166 MP: 30/30
 48634 | Shoals:3 | Found a runed gate.
 48634 | Shoals:3 | Found a runed gate.
 48634 | Shoals:3 | Found a runed gate.
 48634 | Shoals:3 | Noticed Cehaliepy's ghost (adept MiFi)
 48652 | Shoals:3 | Killed Cehaliepy's ghost
 48866 | Shoals:4 | Entered Level 4 of the Shoals
 48979 | Shoals:4 | Received a gift from Trog
 49060 | Shoals:4 | Got a crude crystal amulet
 49093 | Shoals:4 | Identified the amulet "Kamojasch" {Faith rC+} (You found it on level 4 of the Shoals)
 49149 | Shoals:4 | Received a gift from Trog
 49429 | Shoals:4 | Identified the ring of Launics {rF+ MR+ Str+3 Int+4} (You took it off a merfolk on level 4 of the Shoals)
 49657 | Shoals:4 | Identified Sif Muna's Tome of the Entourage
 49754 | Shoals:4 | Reached skill level 27 in Fighting
 49762 | Shoals:4 | Got a barnacled rune of Zot
 50413 | Vaults:5 | Entered Level 5 of the Vaults
 50421 | Vaults:5 | Noticed an ancient lich
 50431 | Vaults:5 | Received a gift from Trog
 50443 | Vaults:5 | Killed an ancient lich
 50600 | Vaults:5 | Noticed an ancient lich
 50623 | Vaults:5 | Killed an ancient lich
 50694 | Vaults:5 | Reached XP level 26. HP: 173/173 MP: 30/30
 51185 | Vaults:5 | Received a gift from Trog
 51596 | Vaults:5 | Found Acacekea's Magic Scroll Emporium.
 51630 | Vaults:5 | Received a gift from Trog
 51637 | Vaults:5 | Noticed an ancient lich
 51651 | Vaults:5 | Killed an ancient lich
 51659 | Vaults:5 | Noticed an ancient lich
 51677 | Vaults:5 | Killed an ancient lich
 51716 | Vaults:5 | Found Yrosash's Magic Scroll Boutique.
 51744 | Vaults:5 | Bought a scroll of fear for 59 gold pieces
 51744 | Vaults:5 | Bought a scroll of identify for 34 gold pieces
 51744 | Vaults:5 | Bought 3 scrolls of identify for 102 gold pieces
 51744 | Vaults:5 | Bought a scroll of teleportation for 51 gold pieces
 51744 | Vaults:5 | Bought a scroll of identify for 34 gold pieces
 51744 | Vaults:5 | Bought a scroll of identify for 34 gold pieces
 51781 | Vaults:5 | Bought a scroll of fog for 42 gold pieces
 51781 | Vaults:5 | Bought a scroll of fog for 42 gold pieces
 51781 | Vaults:5 | Bought a scroll of enchant weapon for 157 gold pieces
 51781 | Vaults:5 | Bought a scroll of teleportation for 63 gold pieces
 51781 | Vaults:5 | Bought a scroll of identify for 42 gold pieces
 51781 | Vaults:5 | Bought a scroll of magic mapping for 73 gold pieces
 51781 | Vaults:5 | Bought a scroll of enchant weapon for 157 gold pieces
 51781 | Vaults:5 | Bought a scroll of holy word for 157 gold pieces
 51781 | Vaults:5 | Bought 2 scrolls of identify for 84 gold pieces
 51813 | Vaults:5 | Found Linn's Gadget Shoppe.
 51814 | Vaults:5 | Found Muyvaps's Jewellery Boutique.
 52003 | Vaults:5 | Got a silver rune of Zot
 52198 | Vaults:5 | Identified the +9 ice dragon scales of the Foremost Hells {rF- rC++ rN+ MR+ Str+4 Int-2} (You took it off a yaktaur captain on level 5 of the Vaults)
 52249 | Vaults:5 | Bought a scroll of enchant armour for 127 gold pieces
 52592 | Orc:2    | Bought a potion of mutation for 136 gold pieces
 52708 | Elf:1    | Killed Americanboy's ghost
 53396 | Zot:1    | Entered Level 1 of the Realm of Zot
 53472 | Zot:1    | Reached XP level 27. HP: 165/179 MP: 30/30
 54863 | Zot:2    | Reached skill level 27 in Axes
 55009 | Zot:2    | Received a gift from Trog
 55852 | Zot:3    | Found a runed gate.
 55967 | Zot:3    | Found a runed gate.
 55968 | Zot:3    | Found a runed gate.
 55970 | Zot:3    | Noticed Riovvati's ghost (legendary KoAK)
 56290 | Zot:3    | Received a gift from Trog
 56342 | Zot:3    | Killed Riovvati's ghost
 56854 | Zot:4    | Received a gift from Trog
 57077 | Zot:4    | Received a gift from Trog
 57227 | Zot:4    | Identified the +9 plate armour "Kozes" {rElec rN+ Regen+ Dex-3} (You found it on level 4 of the Realm of Zot)
 57431 | Zot:5    | Entered Level 5 of the Realm of Zot
 57590 | Zot:5    | Killed an ancient lich
 58095 | Orc:2    | Bought the +3 pair of gauntlets of War {Slay+5} for 1425 gold pieces
 58095 | Orc:2    | Found the +3 pair of gauntlets of War {Slay+5}
 58106 | Orc:2    | Bought a runed cloak for 225 gold pieces
 58725 | Zot:5    | Noticed an ancient lich
 58735 | Zot:5    | Killed an ancient lich
 58870 | Zot:5    | Noticed an ancient lich
 58881 | Zot:5    | Killed an ancient lich
 59343 | Zot:5    | Noticed an ancient lich
 59357 | Zot:5    | Killed an ancient lich
 59387 | Zot:5    | Noticed an orb of fire
 59391 | Zot:5    | Gained mutation: Scrolls take you a little longer to read. [an orb of fire]
 59395 | Zot:5    | Killed an orb of fire
 59661 | Zot:5    | Noticed an orb of fire
 59671 | Zot:5    | Killed an orb of fire
 59672 | Zot:5    | Received a gift from Trog
 60557 | Slime:1  | Entered Level 1 of the Pits of Slime
 60714 | Slime:5  | Entered Level 5 of the Pits of Slime
 60741 | Slime:5  | Noticed the Royal Jelly
 60778 | Slime:5  | Killed the Royal Jelly
 60884 | Slime:5  | Identified the ring "Ysejothra" {*Contam rPois rN+ Int+3 Dex+6} (You found it on level 5 of the Pits of Slime)
 60891 | Slime:5  | Identified the ring of Tesament {+Blink rPois Dex+9 Stlth-} (You found it on level 5 of the Pits of Slime)
 60954 | Slime:5  | Got a slimy rune of Zot
 61326 | Temple   | Fell from the grace of Trog
 61326 | Temple   | Became a worshipper of the Shining One
 61604 | Crypt:1  | Entered Level 1 of the Crypt
 61623 | Crypt:1  | Reached skill level 1 in Invocations
 61669 | Crypt:1  | Learned a level 2 spell: Blink
 61674 | Crypt:1  | Learned a level 4 spell: Passage of Golubria
 61681 | Crypt:1  | Learned a level 6 spell: Deflect Missiles
 61690 | Crypt:1  | Learned a level 8 spell: Controlled Blink
 61692 | Crypt:1  | Learned a level 1 spell: Summon Butterflies
 61694 | Crypt:1  | Learned a level 1 spell: Apportation
 61768 | Crypt:1  | Reached * piety under the Shining One
 61820 | Crypt:1  | Noticed Bai Suzhen
 61833 | Crypt:1  | Killed Bai Suzhen
 61842 | Crypt:1  | Reached ** piety under the Shining One
 61842 | Crypt:1  | Reached skill level 5 in Invocations
 62066 | Crypt:1  | Noticed Frederick
 62070 | Crypt:1  | Reached *** piety under the Shining One
 62071 | Crypt:1  | Killed Frederick
 62329 | Crypt:2  | Reached **** piety under the Shining One
 62682 | Crypt:2  | Reached ***** piety under the Shining One
 62773 | Crypt:2  | HP: 7/179 [polar bear[the rage of Trog] (5)]
 62833 | Crypt:2  | Slain by an iron troll

Skill      XL: |  1  2  3  4  5  6  7  8  9 10 11 12 13 14 15 16 17 18 19 20 21 22 23 24 25 26 27 |
---------------+----------------------------------------------------------------------------------+-----
Fighting       | 3 4 6 7 8 9 10 11 12 14 15 16 18 19 21 23 24 26 27 | 27.0
Dodging        | 2 3 4 6 7 8 9 10 | 10.0
Axes           | 2 4 6 7 9 10 12 14 16 18 19 20 21 22 24 26 27 | 27.0
Armour         | 1 4 5 6 8 9 11 12 13 14 15 25 | 25.7
Evocations     | 3 4 6 8 9 10 | 10.1
Shields        | 3 6 8 9 10 | 10.0
Invocations    | 9 |  9.8
Bows           | |  4.0
Stealth        | |  1.1

Action                   |  1- 3 |  4- 6 |  7- 9 | 10-12 | 13-15 | 16-18 | 19-21 | 22-24 | 25-27 || total
-------------------------+-------+-------+-------+-------+-------+-------+-------+-------+-------++-------
Melee: Short sword       |    50 |       |       |       |       |       |       |       |       ||    50
       Halberd           |    33 |   271 |   102 |       |       |       |       |       |       ||   406
       War axe           |       |       |   270 |   504 |   532 |   346 |       |       |       ||  1652
       Hand axe          |       |       |       |   268 |   107 |       |       |       |       ||   375
       Unarmed           |       |       |       |     1 |       |       |       |       |       ||     1
       Scimitar          |       |       |       |    12 |    10 |    21 |       |       |       ||    43
       Broad axe         |       |       |       |       |   525 |  1020 |    28 |       |       ||  1573
       Battleaxe         |       |       |       |       |       |       |  1359 |  1766 |  2216 ||  5341
       Executioner's axe |       |       |       |       |       |       |       |       |   170 ||   170
 Fire: Shortbow          |    10 |    26 |    72 |       |       |       |       |       |       ||   108
Throw: Javelin           |       |       |    17 |       |       |       |       |       |       ||    17
       Throwing net      |       |       |       |       |     1 |       |       |       |       ||     1
Invok: Berserk           |       |       |       |    29 |    27 |    16 |    12 |    13 |    16 ||   113
       Trog's Hand       |       |       |       |     5 |    19 |    15 |    16 |    15 |    32 ||   102
       Brothers in Arms  |       |       |       |       |     1 |       |     1 |     2 |     3 ||     7
       Cleansing Flame   |       |       |       |       |       |       |       |       |    11 ||    11
       Divine Shield     |       |       |       |       |       |       |       |       |     3 ||     3
 Abil: Fly               |       |       |       |       |     1 |       |       |       |       ||     1
Evoke: Wand              |       |       |       |       |    12 |     8 |     3 |     6 |       ||    29
       Lamp of fire      |       |       |       |       |       |       |     2 |       |       ||     2
  Use: Potion            |       |     3 |     2 |     2 |       |       |     1 |     4 |     5 ||    17
       Scroll            |       |       |    14 |     2 |    18 |     9 |     9 |     6 |    38 ||    96
 Stab: Paralysed         |       |       |       |       |       |     3 |       |     4 |       ||     7
       Distracted        |       |       |       |       |       |       |     2 |     1 |     4 ||     7
  Eat: Chunk             |       |     7 |    12 |    41 |    40 |    21 |    21 |    22 |    21 ||   185
       Ration            |       |       |     1 |     2 |     7 |    10 |     7 |     9 |    21 ||    57
Armor: Leather armour    |    29 |    51 |       |       |       |       |       |       |       ||    80
       Scale mail        |       |   126 |    29 |       |       |       |       |       |       ||   155
       Chain mail        |       |       |   315 |       |       |       |       |       |       ||   315
       Plate armour      |       |       |       |   661 |   738 |   544 |   847 |  1349 |  1126 ||  5265
       Fire dragon scale |       |       |       |       |       |    22 |       |       |       ||    22
       Gold dragon scale |       |       |       |       |       |       |       |       |   995 ||   995
Dodge: Dodged            |    78 |   222 |   184 |   173 |   185 |   179 |   649 |  1039 |  1428 ||  4137
Block: Shield            |       |       |       |   375 |   212 |       |       |       |       ||   587
       Large shield      |       |       |       |       |   694 |  1421 |    12 |       |       ||  2127
       Reflection        |       |       |       |       |     5 |   160 |    14 |    34 |    10 ||   223
       Other             |       |       |       |       |       |       |   217 |   383 |   465 ||  1065
       Rpst.: Scimitar   |       |       |       |     1 |     3 |     1 |       |       |       ||     5
